 Dungeon Crawl Stone Soup version 0.29-a0-409-gd843f3a48c (webtiles) character file.

Game seed: 12641548427394222633

42 croobank the Covert (level 3, 0/35 HPs)
             Began as a Gnoll Delver on May 14, 2022.
             Slain by a gnoll
             ... wielding a +0 flail
              (5 damage)
             ... on level 2 of the Dungeon.
             The game lasted 00:05:31 (960 turns).

croobank the Covert (Gnoll Delver)                   Turns: 960, Time: 00:05:32

Health: 0/35       AC:  3    Str: 11    XL:     3   Next: 54%
Magic:  4/4        EV: 13    Int: 11    God:
Gold:   24         SH:  0    Dex: 13    Spells: 3/3 levels left

rFire   . . .      SeeInvis .   a - +0 hand axe
rCold   . . .      Faith    .   (no shield)
rNeg    . . .      Spirit   .   h - +0 leather armour
rPois   .          Reflect  .   (no helmet)
rElec   .          Harm     .   (no cloak)
rCorr   .          Rampage  .   (no gloves)
Will    .....                   (no boots)
Stlth   ++++......              k - amulet of magic regeneration
HPRegen 0.11/turn               (no ring)
MPRegen 0.49/turn               (no ring)

@: no status effects
A: fangs 1, strong nose, distributed training
a: no special abilities


You were on level 2 of the Dungeon.
You visited 1 branch of the dungeon, and saw 4 of its levels.

You collected 24 gold pieces.

Inventory:

Hand Weapons
 a - a +0 hand axe (weapon)
 b - a +0 hunting sling of flaming
Missiles
 f - 38 stones (quivered)
 n - 6 boomerangs
Armour
 h - a +0 leather armour (worn)
 o - a +0 chain mail
Jewellery
 k - an amulet of magic regeneration (around neck)
Wands
 g - a wand of digging (2)
Scrolls
 c - 3 scrolls of fog
 e - a scroll of brand weapon {unknown}
 i - 3 scrolls of identify {unknown}
 j - a scroll of blinking {unknown}
Potions
 d - a potion of curing {unknown}
 l - a potion of flight {unknown}
 m - a potion of magic {unknown}
 p - a potion of lignification {unknown}


   Skills:
 + Level 6.5 Fighting
 + Level 0.8 Short Blades
 + Level 0.8 Long Blades
 + Level 4.5 Axes
 + Level 0.8 Maces & Flails
 + Level 0.8 Polearms
 + Level 0.8 Staves
 + Level 0.8 Slings
 + Level 0.8 Bows
 + Level 0.8 Crossbows
 + Level 0.8 Throwing
 + Level 0.8 Armour
 + Level 4.5 Dodging
 + Level 9.6 Stealth
 + Level 0.8 Shields
 + Level 0.8 Unarmed Combat
 + Level 0.8 Spellcasting
 + Level 0.5 Conjurations
 + Level 0.5 Hexes
 + Level 0.5 Summonings
 + Level 0.5 Necromancy
 + Level 0.5 Translocations
 + Level 0.5 Transmutations
 + Level 0.5 Fire Magic
 + Level 0.5 Ice Magic
 + Level 0.5 Air Magic
 + Level 0.5 Earth Magic
 + Level 0.5 Poison Magic
 + Level 1.0 Invocations
 + Level 0.8 Evocations


You had 3 spell levels left.
You didn't know any spells.
Your spell library contained the following spells:

 Spells                   Type           Power      Damage    Failure   Level
 Tukima's Dance           Hex            1%         N/A       71%         3
 Passage of Golubria      Tloc           1%         N/A       98%         4
 Yara's Violent Unravell  Hex/Tmut       0%         3d3       100%        5


Dungeon Overview and Level Annotations

Branches:
Dungeon (5/15)             Temple (0/1) D:4

Altars:
Elyvilon


Innate Abilities, Weirdness & Mutations

You have very sharp teeth.
Your uncanny sense of smell can sniff out nearby items.
Your experience applies equally to all skills.


Message History

You kill the gnoll!
Your Invocations skill increases to level 1!
You start resting.
HP restored.
Things that are here:
a +0 club; a gnoll skeleton
There is a stone staircase leading up here.
You climb upwards.
There is a stone staircase leading down here.
Found a stone staircase leading up.
There is a stone staircase leading up here.
Found a scroll labelled GAEMEY REKKA.
e - a scroll labelled GAEMEY REKKA
Found 6 gold pieces.
You now have 24 gold pieces (gained 6).
Found a short sword.
You see here a +0 short sword.
The gnoll shouts!
You slash the gnoll!
The gnoll is heavily wounded.
The gnoll misses you.
You barely miss the gnoll.
The gnoll is heavily wounded.
The gnoll hits you with a +0 flail!
You hit the gnoll.
The gnoll is severely wounded.
The gnoll closely misses you. x2
The gnoll attacks as you move away! The gnoll hits you with a +0 flail!
The gnoll attacks as you move away! The gnoll hits you with a +0 flail.
You see here a +0 short sword.
The gnoll attacks as you move away! The gnoll barely misses you.
The gnoll attacks as you move away! The gnoll misses you.
You hit the gnoll but do no damage.
The gnoll is severely wounded.
The gnoll hits you with a +0 flail!
* * * LOW HITPOINT WARNING * * *
The gnoll hits you from afar with a +0 spear.
* * * LOW HITPOINT WARNING * * *
The gnoll attacks as you move away! The gnoll hits you with a +0 flail.
You die...

##.#......####.# #..#
#.#.#.........# #..#
#.#.########..###..#
#.#.########....#).#
##.#.#........##.#.g#
.#.#.#.##...#....#..#
.#.#.#.##...####.#g.#
.# #.#.##...#....g..#
.# #.#<##.......@..##
.#.#.#.#..#.#.######
.#.#.#.#.##.#.#
.#.#.#.#. #.#.#
.#.#.#.#. ..#..
##.#.#.###########
.#.#.#...........#
+#.#.###########.#
...^.# #.# ∆


You could see 3 gnolls.

Vanquished Creatures
  A gnoll (D:3)
  An adder (D:2)
  A ball python (D:2)
  A bat (D:3)
  An endoplasm (D:3)
  A giant cockroach (D:2)
  A goblin (D:3)
  2 hobgoblins
  8 jackals
  A frilled lizard (D:2)
  2 rats (D:2)
20 creatures vanquished.

Vanquished Creatures (others)
  4 plants (D:5)
4 creatures vanquished.

Grand Total: 24 creatures vanquished

Notes
Turn   | Place    | Note
-------+----------+-------------------------------------------
     0 | D:5      | Reached skill level 9 in Stealth
     0 | D:5      | croobank the Gnoll Delver began the quest for the Orb.
     0 | D:5      | Reached XP level 1. HP: 23/23 MP: 1/1
    17 | D:5      | Noticed a black bear
    43 | D:5      | Noticed an ice beast
    49 | D:5      | Noticed an orc priest
    53 | D:4      | Noticed a phantom
    60 | D:4      | Noticed an iguana
    63 | D:4      | Found a staircase to the Ecumenical Temple.
   108 | D:3      | Reached XP level 2. HP: 23/29 MP: 2/2
   358 | D:2      | Found a white marble altar of Elyvilon.
   448 | D:2      | Reached XP level 3. HP: 27/35 MP: 3/3
   604 | D:3      | Reached skill level 1 in Invocations
   960 | D:2      | Slain by a gnoll

Illustrated notes

Levels and vault maps discovered:
D:2:      layout_basic, basic_altar, serial_glass, glass_columns_b,
          glass_columns_a, due_unseen_surprise, feat_on_display,
          item_on_display_a, feat_on_display
D:3:      layout_basic
D:4:      minmay_razor_zed, layout_basic, gammafunk_temple_overflow_wave,
          minmay_temple_entry_waves, serial_shops, shop_statue,
          gup_sewer_entry_pipe, corner_web_ring, uniq_edmund, uniq_robin
D:5:      layout_loops_ring, serial_bayou_pond_b

Skill      XL: |  1  2  3 |
---------------+----------+-----
Stealth        | |  9.6
Invocations    | 1 |  1.0
Fighting       | |  6.5
Short Blades   | |  0.8
Long Blades    | |  0.8
Axes           | |  4.5
Maces & Flails | |  0.8
Polearms       | |  0.8
Staves         | |  0.8
Slings         | |  0.8
Bows           | |  0.8
Crossbows      | |  0.8
Throwing       | |  0.8
Armour         | |  0.8
Dodging        | |  4.5
Shields        | |  0.8
Unarmed Combat | |  0.8
Spellcasting   | |  0.8
Conjurations   | |  0.5
Hexes          | |  0.5
Summonings     | |  0.5
Necromancy     | |  0.5
Translocations | |  0.5
Transmutations | |  0.5
Fire Magic     | |  0.5
Ice Magic      | |  0.5
Air Magic      | |  0.5
Earth Magic    | |  0.5
Poison Magic   | |  0.5
Evocations     | |  0.8

Action                   || total
-------------------------++-------
Melee: Hand axe          ||    72
       Bite              ||     7
       Punch             ||     1
Evoke: Wand              ||     1
  Use: Scroll            ||     3
       Potion            ||     3
 Stab: Sleeping          ||     5
Armor: Leather armour    ||    12
Dodge: Dodged            ||    57

Table legend: (Time is in decaauts)
 A = Elapsed time spent in this place.
 B = Non-inter-level travel time spent in this place.
 C = Inter-level travel time spent in this place.
 D = Time resting spent in this place.
 E = Time spent auto-exploring this place.
 F = Levels seen in this place.
 G = Mean time per level.
                   A        B        C        D        E       F      G
               +--------+--------+--------+--------+--------+-----+--------+
         Total |    952 |    943 |      9 |    349 |    164 |   4 |  238.0 |
       Dungeon |    952 |    943 |      9 |    349 |    164 |   4 |  238.0 |
               +--------+--------+--------+--------+--------+-----+--------+

Top non-repeatable levels by time:
     D:2: 502 daAuts
     D:3: 382 daAuts
     D:5: 53 daAuts
     D:4: 14 daAuts
